 Dungeon Crawl Stone Soup version 0.30.0-20-g3615ddf2f0 (webtiles) character file.

Game seed: 15361372111862560276

298 qw the Chopper (level 6, -4/38 HPs)
             Began as a Gargoyle Fighter on May 28, 2023.
             Slain by a wight
             ... wielding a +6 halberd
              (6 damage)
             ... on level 3 of the Dungeon.
             The game lasted 00:01:05 (1714 turns).

qw the Chopper (Gargoyle Fighter)                   Turns: 1714, Time: 00:01:06

Health: -4/38      AC: 18    Str: 22    XL:     6   Next: 35%
Magic:  6/6        EV:  6    Int:  8    God:
Gold:   144        SH:  4    Dex:  9    Spells: 5/5 levels left

rFire   . . .        Y - +0 war axe
rCold   . . .        c - +0 buckler
rNeg    + . .        i - +0 plate armour
rPois   inf          l - +1 helmet {SInv}
rElec   +            (no cloak)
rCorr   .            (no gloves)
SInv    +            (no boots)
Will    .....        (no amulet) Stlth
                     (no ring)
HPRegen 0.26/turn    (no ring)
MPRegen 0.10/turn

%: no passive effects
@: no status effects
A: sickness immunity, AC +4, negative energy resistance 1, electricity
resistance, torment resistance 1, petrification resistance
a: no special abilities


You were on level 3 of the Dungeon.
You visited 1 branch of the dungeon, and saw 3 of its levels.

You collected 144 gold pieces.


Innate Abilities, Weirdness & Mutations

You are immune to sickness and miasma.
Your stone body is resilient. (AC +4)
You are immune to poison.
You resist negative energy. (rN+)
You are resistant to electric shocks. (rElec)
You are resistant to unholy torment.
You are immune to petrification.


   Skills:
 - Level 4.0 Fighting
 + Level 5.6 Axes
 - Level 3.2 Armour
 - Level 3.2 Shields


You had 5 spell levels left.
You didn't know any spells.
Your spell library was empty.

Inventory:

Hand Weapons
 b - a +0 flail
 Y - a +0 war axe (weapon)
Armour
 c - a +0 buckler (worn)
 i - a +0 plate armour (worn)
 l - a +1 helmet of see invisible (worn)
Scrolls
 a - a scroll of identify
Potions
 d - a potion of might
 g - a potion of lignification {unknown}
 h - a potion of flight {unknown}
 j - 2 potions of curing
 m - a potion of mutation {unknown}

Dungeon Overview and Level Annotations

Branches:
Dungeon (3/15)

Altars:


Message History

a +0 robe; a +1 long sword
1705 ||| Stepping ~*~*~tactically~*~*~ (hiding).
You start waiting.
A wight is nearby!
You slash the wight!
The wight is heavily damaged.
The wight hits you but does no damage.
You closely miss the wight.
The wight is heavily damaged.
The wight closely misses you.
The wight hits you from afar with a +6 halberd.
You block the wight's attack.
The wight hits you from afar with a +6 halberd.
The wight hits you but does no damage.
You hit the wight.
The wight is almost destroyed.
You slash the wight! The wight closely misses you.
The wight hits you but does no damage.
The wight hits you from afar with a +6 halberd.
You barely miss the wight.
The wight is almost destroyed.
You barely miss the wight. The wight barely misses you.
The wight hits you from afar with a +6 halberd.
The wight hits you but does no damage.
You slash the wight!
You destroy the wight!
You hit the wight. The wight barely misses you.
The wight hits you but does no damage.
You barely miss the wight.
The wight is severely damaged.
The wight hits you with a +0 great sword!
The wight hits you from afar with a +6 halberd!
The wight hits you from afar with a +6 halberd.
The wight hits you with a +0 great sword.
You barely miss the wight.
The wight is severely damaged.
The wight closely misses you.
The wight hits you from afar with a +6 halberd.
You die...

### #.. # #.# .#
# #.#
######.#.##
#.###8¤8z¤..z..
##.##..¤¤P#....#
#......@¤P......
#..##..¤z¤###..
##..###.[.##
#..<..##.##
#..##.##.###
#..).......#
#......#.......
#........#.####
##.....###.#


You could see 2 wights.

Vanquished Creatures
  3 wights (D:3)
  A scorpion zombie (D:3)
  A hound skeleton (D:3)
  3 gnolls (D:2)
  3 adders (D:2)
  A dart slug (D:2)
  3 ball pythons
  6 endoplasms
  4 giant cockroaches
  3 hobgoblins
  2 kobolds
  3 quokkas
  10 bats
  2 frilled lizards
  7 goblins
  7 rats
59 creatures vanquished.

Notes
Turn   | Place    | Note
-------+----------+-------------------------------------------
     0 | D:1      | qw the Gargoyle Fighter began the quest for the Orb.
     0 | D:1      | Reached XP level 1. HP: 14/14 MP: 1/1
     0 | D:1      | 0 ||| qw: Version: 0.2-a-100-g4e38944
     0 | D:1      | 0 ||| qw: Game counter: 214
     0 | D:1      | 0 ||| qw: Always use a shield: true
     0 | D:1      | 0 ||| qw: God list: Okawaru
     0 | D:1      | 0 ||| qw: Allow faded altars: false
     0 | D:1      | 0 ||| qw: Do Orc after D:15 true
     0 | D:1      | 0 ||| qw: Do second Lair branch before Depths: true
     0 | D:1      | 0 ||| qw: Lair rune preference: random
     0 | D:1      | 0 ||| qw: Plans: Normal, Zot:1-4, God:TSO, Crypt, Tomb,
                  | Pan, Slime:5, Hells, Abyss, Win
     0 | D:1      | 0 ||| PLANNING D:1-11
    57 | D:1      | Reached skill level 2 in Axes
   131 | D:1      | Reached XP level 2. HP: 19/19 MP: 2/2
   305 | D:1      | 305 ||| Stepping ~*~*~tactically~*~*~ (stealth).
   350 | D:1      | Reached skill level 3 in Axes
   400 | D:1      | Reached XP level 3. HP: 23/23 MP: 3/3
   447 | D:1      | 447 ||| Stepping ~*~*~tactically~*~*~ (stealth).
   470 | D:1      | Found a faded altar of an unknown god.
   857 | D:1      | 857 ||| UPGRADING to +0 plate armour.
   867 | D:1      | 867 ||| DROPPING +0 scale mail.
   868 | D:1      | 868 ||| UPGRADING to +1 helmet of see invisible.
   873 | D:1      | 873 ||| READING 2 scrolls labelled ROEPUA BEQOLLO.
   874 | D:1      | 874 ||| READING scroll labelled WEIRON GAGEGH.
   939 | D:2      | Reached XP level 4. HP: 25/28 MP: 4/4
   968 | D:2      | 968 ||| DROPPING +0 whip.
   988 | D:2      | Identified the +10 long sword "Coinlaib" {flame, Fragile
                  | rF+ Stlth+}
  1016 | D:2      | Reached skill level 4 in Axes
  1018 | D:2      | 1018 ||| Stepping ~*~*~tactically~*~*~ (hiding).
  1019 | D:2      | 1019 ||| Stepping ~*~*~tactically~*~*~ (hiding).
  1481 | D:2      | 1481 ||| DRINKING 3 metallic dark potions.
  1482 | D:2      | 1482 ||| READING 2 scrolls of identify.
  1482 | D:2      | 1482 ||| IDENTIFYING bubbling red potion
  1483 | D:2      | 1483 ||| DROPPING potion of degeneration.
  1562 | D:3      | Reached XP level 5. HP: 29/32 MP: 5/5
  1573 | D:3      | 1573 ||| Stepping ~*~*~tactically~*~*~ (stealth).
  1577 | D:3      | 1577 ||| Stepping ~*~*~tactically~*~*~ (stealth).
  1587 | D:3      | 1587 ||| Stepping ~*~*~tactically~*~*~ (stealth).
  1588 | D:3      | 1588 ||| Stepping ~*~*~tactically~*~*~ (stealth).
  1596 | D:3      | Reached skill level 5 in Axes
  1601 | D:3      | Reached XP level 6. HP: 14/38 MP: 6/6
  1611 | D:3      | 1611 ||| FLEEEEING.
  1618 | D:3      | 1618 ||| STAIRDANCE
  1700 | D:3      | 1700 ||| Stepping ~*~*~tactically~*~*~ (stealth).
  1702 | D:3      | 1702 ||| Stepping ~*~*~tactically~*~*~ (stealth).
  1705 | D:3      | 1705 ||| Stepping ~*~*~tactically~*~*~ (hiding).
  1713 | D:3      | HP: 9/38 [wight/+6 halberd (8)]
  1713 | D:3      | HP: 2/38 [wight/+0 great sword (6)]
  1714 | D:3      | Slain by a wight

Levels and vault maps discovered:
D:1:      dpeg_arrival_shelter, layout_loops_ring,
          shapermc_ecumenical_altar_acropolis, minmay_cupped
D:2:      layout_rooms
D:3:      layout_loops_ring, chequers_temple_overflow_minitemple,
          xom_confusion_cloud, serial_undead, serial_undead_b, serial_undead_f,
          serial_undead_d, serial_undead_e, serial_shops,
          nicolae_shop_statue_plus, amethyst_killhole, minmay_goblin_outpost

Skill      XL: |  1  2  3  4  5 |
---------------+----------------+-----
Axes           | 2 3 4 5 |  5.6
Fighting       | 4 |  4.0
Armour         | |  3.2
Shields        | |  3.2

Action                     |  1- 3 |  4- 6 || total
---------------------------+-------+-------++-------
  Melee: War axe           |   115 |    96 ||   211
    Use: Scroll            |     2 |     1 ||     3
         Potion            |       |     1 ||     1
 Armour: Scale mail        |    62 |       ||    62
         Plate armour      |     4 |    68 ||    72
  Dodge: Dodged            |    53 |    27 ||    80
  Block: Buckler           |    27 |    13 ||    40

Table legend:
 A = Non-vault XP
 B = Vault XP
 C = Vault XP percentage of total XP
 D = Non-vault monster count
 E = Vault monster count
 F = Vault count percentage of total count
                 A         B        C        D         E       F
            +---------+---------+-------+---------+---------+-------
      Total |     367 |      59 |  13.8 |      52 |       7 |  11.9
            +---------+---------+-------+---------+---------+-------
        D:1 |      46 |       9 |  16.4 |      28 |       5 |  15.2
        D:2 |     102 |       0 |   0.0 |      18 |       0 |   0.0
        D:3 |     219 |      50 |  18.6 |       6 |       2 |  25.0
            +---------+---------+-------+---------+---------+-------
